 Dungeon Crawl Stone Soup version 0.31.0-11-ge490571c62 (webtiles) character file.

Game seed: 17188527325840644636

5459 firemarshallily the Fighter (level 10, -13/127 HPs)
             Began as a Demonspawn Gladiator on Feb 2, 2024.
             Was a Priest of Trog.
             Killed from afar by Erica (15 damage)
             ... with a bolt of poison
             ... on level 8 of the Dungeon on Feb 4, 2024.
             The game lasted 00:32:38 (10374 turns).

firemarshallily the Fighter (Demonspawn Gladiator) Turns: 10374, Time: 00:32:39

Health: -13/127    AC:  6    Str: 15    XL:     10   Next: 41%
Magic:  10/10      EV: 13    Int: 15    God:    Trog [***...]
Gold:   74         SH:  5    Dex: 20    Spells: 9/9 levels left

rFire   . . .        h - +2 long sword "Lofimuoli" {flame, rC- Int+4 SInv}
rCold   . . .        (no shield)
rNeg    . . .        b - +0 leather armour
rPois   .            (helmet restricted)
rElec   .            J - +2 cloak
rCorr   .            (no gloves)
SInv    +            (no boots)
Will    .....        H - amulet "Metoutu" {Reflect Rampage rC+ Int+2 SH+5} Stlth
                     (no ring)
HPRegen 0.41/turn    (no ring)
MPRegen 0.24/turn

%: reflection, rampage
@: berserking, lethally poisoned (-13 -> -43), constricted, very quick
A: antennae 1, thin skeletal structure 1, demonic guardian 1, magic regeneration
a: Renounce Religion, Berserk, Trog's Hand


You were on level 8 of the Dungeon.
You worshipped Trog.
Trog was most pleased with you.
You visited 2 branches of the dungeon, and saw 10 of its levels.

You collected 652 gold pieces.
You spent 578 gold pieces at shops.

Inventory:

Hand Weapons
 a - a +1 long sword
 h - the +2 long sword "Lofimuoli" (weapon) {flame, rC- Int+4 SInv}
   (You found it on level 2 of the Dungeon)

   Int+4:     It affects your intelligence (+4).
   rC-:       It makes you vulnerable to cold.
   SInv:      It lets you see invisible.
Missiles
 d - 3 throwing nets
 j - 9 boomerangs (quivered)
 m - 6 datura-tipped darts
 K - 12 poisoned darts
Armour
 b - a +0 leather armour (worn)
 J - a +2 cloak (worn)
Jewellery
 H - the amulet "Metoutu" (around neck) {Reflect Rampage rC+ Int+2 SH+5}
   (You bought it in a shop on level 3 of the Dungeon)

   [amulet of reflection]

   Reflect:   It reflects blocked missile attacks.
   Int+2:     It affects your intelligence (+2).
   rC+:       It protects you from cold.
   SH+5:      It affects your SH (+5).
   Rampage:   It bestows one free step when moving towards enemies.
Talismans
 k - a maw talisman
 p - a beast talisman
 I - a blade talisman
Wands
 r - a wand of iceblast (5)
 w - a wand of polymorph (12)
 x - a wand of charming (5)
 y - a wand of flame (13)
Scrolls
 c - a scroll of enchant weapon
 f - a scroll of torment
 l - a scroll of immolation
 o - 3 scrolls of fog {unknown}
 q - 3 scrolls of revelation
 u - 2 scrolls of noise
 z - 2 scrolls of teleportation
 C - a scroll of blinking {unknown}
 D - 2 scrolls of fear {unknown}
 F - 2 scrolls of identify
Potions
 g - 2 potions of degeneration {unknown}
 i - a potion of lignification {unknown}
 n - a potion of heal wounds {unknown}
 s - 5 potions of curing
 t - a potion of ambrosia {unknown}
 v - a potion of berserk rage {unknown}
 A - a potion of magic {unknown}
 B - 3 potions of brilliance {unknown}
 E - a potion of resistance {unknown}
 G - a potion of mutation {unknown}
 L - 2 potions of might {unknown}
 M - a potion of invisibility {unknown}


   Skills:
 * Level 10.1 Fighting
 * Level 9.5 Long Blades
 - Level 1.7 Throwing
 + Level 6.9 Dodging


You had 9 spell levels left.
You didn't know any spells.
Your spell library was empty.

Dungeon Overview and Level Annotations

Branches:
Dungeon (9/15)             Temple (1/1) D:4
   Lair: D:8-11         Orc: D:9-12

Altars:
Ashenzari
Cheibriados
Dithmenos
Gozag
Kikubaaqudgha
Makhleb
Nemelex Xobeh
Okawaru
Qazlal
Ru
Sif Muna
Trog
Uskayaw
Vehumet
Wu Jian
Xom
Yredelemnul

Shops:
D:3 =

Annotations:
D:8 Erica
D:9 Gastronok


Innate Abilities, Weirdness & Mutations

You have a pair of small antennae on your head.
You have a somewhat thin skeletal structure. (Dex +2, Stealth+)
A weak demonic guardian rushes to your aid.
You regenerate magic rapidly.


Message History

* * * LOW HITPOINT WARNING * * *
The bolt of poison hits your iron imp! Erica constricts you.
* * * LOW HITPOINT WARNING * * *
You are too berserk!
You are too berserk!
You don't know any spells.
Okay, then.
You slash Erica! You burn Erica.
Erica is heavily wounded.
* * * LOW HITPOINT WARNING * * *
You feel very sick.
Unknown command.
You closely miss Erica.
Erica is heavily wounded.
* * * LOW HITPOINT WARNING * * *
You feel very sick. Erica barely misses you. Erica constricts you.
* * * LOW HITPOINT WARNING * * *
You slash Erica! You burn Erica.
Erica is severely wounded.
* * * LOW HITPOINT WARNING * * *
You feel sick.
Erica stares at you and mumbles some strange words.
You resist with significant effort. Erica constricts you.
* * * LOW HITPOINT WARNING * * *
You barely miss Erica.
Erica is severely wounded.
* * * LOW HITPOINT WARNING * * *
You feel very sick.
Your iron imp closely misses Erica.
Unknown command.
You hit Erica. You burn Erica.
Erica is severely wounded.
* * * LOW HITPOINT WARNING * * *
You feel sick. Erica casts a spell at you. The bolt of poison hits you!
You are more poisoned.
You die...
Erica begins burbling mirthfully and uncontrollably.

....# #....###.####...## #..#
~~#.###.....##..##...## #..##
###..#..~~~..##......## #...##
#.........~..##.......### ##.....
.......≈≈≈≈≈≈≈......#...###......
#....................##..##......
.....................###.........
................)....# #.........
...............5@###'###+###'###.
...............x)#..#.......#..##
.................#..#.......#..#.
.................+..'###+###'..'.
.................#..#.'...'.#..#.
.................#..#.#...#.#..#.
.................'##+.#._.#.'##'.
.................#..#.#...#.#..#.
≈≈≈≈.............#..#.+...+.#..#.


You could see Erica (ally target) and a friendly iron imp (summoned).

Vanquished Creatures
  Erolcha (D:9)
  A two-headed ogre (D:8)
  Maurice (D:7)
  Joseph (D:7)
  Jeremiah (D:9)
  A yak (D:8)
  A water moccasin (D:8)
  An orc warrior (D:8)
  2 black bears
  A sky beast (D:7)
  An ogre (D:6)
  3 centaurs
  A phantom (D:6)
  2 kobold brigands (D:8)
  4 scorpions
  3 bullfrogs
  A gnoll sergeant (D:9)
  7 wights
  5 killer bees
  5 howler monkeys
  3 bombardier beetles
  2 hounds
  5 orc priests
  A gnoll bouda (D:5)
  A jelly (D:6)
  An iguana (D:6)
  5 orc wizards
  14 gnolls
  8 adders
  A shadow imp (D:7)
  3 white imps
  A ribbon worm (D:3)
  3 dart slugs
  12 orcs
  5 endoplasms
  A giant cockroach (D:2)
  2 goblins
  8 hobgoblins
  7 jackals (D:1)
  2 quokkas (D:4)
  4 ball pythons
  2 bats
  14 kobolds
  5 rats
153 creatures vanquished.

Vanquished Creatures (collateral kills)
  A centaur (D:7)
  A killer bee (D:8)
2 creatures vanquished.

Grand Total: 155 creatures vanquished

Notes
Turn   | Place    | Note
-------+----------+-------------------------------------------
     0 | D:1      | firemarshallily the Demonspawn Gladiator began the quest
                  | for the Orb.
     0 | D:1      | Reached XP level 1. HP: 16/16 MP: 1/1
   145 | D:1      | You fall into a shaft and drop 1 floor!
   229 | D:2      | Identified the +2 long sword "Lofimuoli" {flame, rC- Int+4
                  | SInv}
   271 | D:2      | Gained mutation: You have a pair of small antennae on your
                  | head. [demonic ancestry]
   271 | D:2      | Reached XP level 2. HP: 22/22 MP: 2/2
   317 | D:2      | Found a faded altar of an unknown god.
   326 | D:2      | Prayed at the altar of an unknown god.
   326 | D:2      | Became a worshipper of Trog the Wrathful
   326 | D:2      | Reached * piety under Trog
   571 | D:2      | Gained mutation: You regenerate magic rapidly. [demonic
                  | ancestry]
   571 | D:2      | Reached XP level 3. HP: 16/28 MP: 3/3
  1338 | D:3      | Found a broken altar of Ashenzari.
  1342 | D:3      | Saw a vision of the Shoals and the Snake Pit.
  1342 | D:3      | Noticed a wind drake
  1342 | D:3      | Noticed a wind drake
  1342 | D:3      | Noticed a guardian serpent
  1342 | D:3      | Noticed a merfolk
  1342 | D:3      | Noticed a black mamba
  1342 | D:3      | Noticed a manticore
  1342 | D:3      | Noticed a mana viper
  1342 | D:3      | Noticed a naga mage
  1342 | D:3      | Noticed an alligator snapping turtle
  1342 | D:3      | Noticed a black mamba
  1343 | D:3      | Noticed a mana viper
  1345 | D:3      | Noticed a water elemental
  1572 | D:3      | Found Duiq's Jewellery Shop.
  2017 | D:4      | Found a staircase to the Ecumenical Temple.
  2047 | Temple   | Entered the Ecumenical Temple
  2081 | D:4      | Reached skill level 3 in Fighting
  2081 | D:4      | Reached XP level 4. HP: 33/35 MP: 4/4
  2538 | D:5      | Entered Level 5 of the Dungeon
  2544 | D:5      | Noticed a scorpion
  2659 | D:5      | Noticed a scorpion
  2824 | D:4      | Killed a scorpion
  2825 | D:4      | Gained mutation: You have a somewhat thin skeletal
                  | structure. (Dex +2, Stealth+) [demonic ancestry]
  2825 | D:4      | Reached XP level 5. HP: 36/42 MP: 5/5
  3106 | D:5      | Reached skill level 4 in Fighting
  3243 | D:5      | Reached XP level 6. HP: 19/48 MP: 6/6
  3673 | D:5      | Reached ** piety under Trog
  4007 | D:5      | Reached skill level 5 in Fighting
  4007 | D:5      | Reached skill level 5 in Long Blades
  4007 | D:5      | Gained mutation: A weak demonic guardian rushes to your
                  | aid. [demonic ancestry]
  4007 | D:5      | Reached XP level 7. HP: 35/56 MP: 7/7
  4503 | D:6      | Reached skill level 6 in Fighting
  4773 | D:6      | Reached XP level 8. HP: 29/64 MP: 8/8
  6269 | D:7      | Reached skill level 5 in Dodging
  6319 | D:7      | Reached skill level 7 in Fighting
  6551 | D:7      | HP: 2/67 [centaur (2)]
  6767 | D:7      | Noticed Maurice
  6873 | D:7      | Found a shadowy altar of Dithmenos.
  7179 | D:7      | Reached XP level 9. HP: 50/73 MP: 9/9
  7255 | D:7      | Noticed Joseph
  7273 | D:7      | Killed Joseph
  7274 | D:7      | Reached skill level 8 in Fighting
  7544 | D:3      | Bought the amulet "Metoutu" {Reflect Rampage rC+ Int+2
                  | SH+5} for 578 gold pieces
  7779 | D:7      | Maurice stole a blade talisman
  7780 | D:7      | Maurice stole 9 boomerangs
  7781 | D:7      | Maurice stole a +1 long sword
  7781 | D:7      | Maurice stole 2 gold
  7786 | D:7      | Killed Maurice
  8048 | D:8      | Noticed a two-headed ogre
  8059 | D:8      | Killed a two-headed ogre
  8103 | D:8      | Reached skill level 9 in Fighting
  8167 | D:8      | Reached *** piety under Trog
  8205 | D:8      | Found an opulent altar of Gozag.
  8337 | D:8      | Found an ornate altar of the Wu Jian Council.
  9319 | D:9      | Noticed Erica
  9330 | D:8      | Reached XP level 10. HP: 68/83 MP: 10/10
 10090 | D:9      | Noticed Jeremiah
 10101 | D:9      | Killed Jeremiah
 10103 | D:9      | Noticed Erolcha
 10103 | D:9      | Noticed Gastronok
 10108 | D:9      | Killed Erolcha
 10109 | D:9      | Reached skill level 10 in Fighting
 10372 | D:8      | HP: 6/127 [constriction (3)]
 10374 | D:8      | HP: 2/127 [poisoned by Erica (bolt of poison)]
 10374 | D:8      | Killed from afar by Erica

Illustrated notes

Levels and vault maps discovered:
D:1:      dpeg_arrival_short_road, layout_loops_cross
D:2:      layout_loops_ring, hellmonk_ecumenical_altar_zigzags
D:3:      layout_basic, grunt_ashenzari_visionary
          [grunt_ashenzari_visionary_shoals, grunt_ashenzari_visionary_snake],
          serial_shops, shop, nicolae_twisty_statue_hallways
D:4:      layout_basic, minmay_temple_entry_sparse_star
D:5:      layout_basic, item_on_display_a
D:6:      layout_basic, minmay_misc_feat_plants, minmay_puff
D:7:      layout_gridville, grunt_dithmenos_shadows, uniq_joseph, uniq_maurice
D:8:      layout_layer_cave, grunt_gozag_breadcrumbs,
          mainiacjoe_overflow_24_doors, marbit_many_paths, serial_rivers,
          chequers_serial_rivers_micro_d, chequers_serial_rivers_micro_d,
          chequers_serial_rivers_micro_b, chequers_serial_rivers_micro_d,
          chequers_serial_rivers_large_b, chequers_serial_rivers_micro_e
D:9:      layout_cave_pools, nicolae_hepliaklqana_hippocampus,
          mainiacjoe_overflow_alcove_2, lair_entry_dummy, uniq_jeremiah,
          uniq_erica, uniq_erolcha, uniq_gastronok
Temple:   eino_temple_water

Skill      XL: |  1  2  3  4  5  6  7  8  9 10 |
---------------+-------------------------------+-----
Long Blades    | 3 4 5 6 7 8 9 |  9.5
Dodging        | 3 4 5 6 |  6.9
Fighting       | 3 4 5 6 7 9 10 | 10.1
Throwing       | |  1.7

Action                     |  1- 3 |  4- 6 |  7- 9 | 10-12 || total
---------------------------+-------+-------+-------+-------++-------
  Melee: Long sword        |    69 |    90 |   223 |    51 ||   433
         Punch             |       |     2 |     4 |     1 ||     7
  Throw: Boomerang         |       |    16 |    16 |     3 ||    35
         Dart              |       |       |     4 |       ||     4
         Javelin           |       |       |       |     1 ||     1
 Invoke: Berserk           |       |     2 |     2 |     3 ||     7
  Evoke: Wand              |       |       |     4 |    18 ||    22
    Use: Scroll            |       |       |     9 |     1 ||    10
   Stab: Sleeping          |     2 |     1 |     9 |       ||    12
         Distracted        |       |       |     1 |       ||     1
 Armour: Leather armour    |    20 |    67 |   141 |    39 ||   267
  Dodge: Dodged            |    44 |    59 |   172 |    80 ||   355
  Block: Other             |       |       |    10 |    13 ||    23
         Reflection        |       |       |     2 |       ||     2
